 Dungeon Crawl Stone Soup version 0.28.0-45-g0d030f2227 (webtiles) character file.

Game seed: 15778655809674964164

557 101zpm the Magician (level 7, -6/47 HPs)
             Began as a Djinni Ice Elementalist on Apr 15, 2022.
             Killed from afar by an orc (8 damage)
             ... with an iceblast
             ... on level 4 of the Dungeon.
             The game lasted 00:11:38 (6051 turns).

101zpm the Magician (Djinni Ice Elementalist)       Turns: 6051, Time: 00:11:40

Health: -6/47      AC:  8    Str:  7    XL:     7   Next: 56%
Gold:   202        EV: 12    Int: 19    God:
                   SH:  0    Dex: 13

rFire   + + .      SeeInvis .   i - +2 dagger (protect)
rCold   x . .      Faith    .   (no shield)
rNeg    . . .      Spirit   .   r - +0 leather armour
rPois   ∞          Reflect  .   (no helmet)
rElec   .          Harm     .   (no cloak)
rCorr   .          Rampage  .   (no gloves)
Will    .....                   (boots unavailable)
Stlth   ++........              (no amulet)
HPRegen 0.15/turn               (no ring)
MPRegen 0.00/turn               (no ring)

@: ice-armoured, freezing walls, flying
A: sickness immunity, fire resistance 2, cold vulnerability 1, float, innate
caster, HP casting, extra vitality 1
a: no special abilities


You were on level 4 of the Dungeon.
You visited 1 branch of the dungeon, and saw 4 of its levels.

You collected 202 gold pieces.

Inventory:

Hand Weapons
 i - a +2 dagger of protection (weapon)
 q - a +4 club
Armour
 a - a +0 robe
 r - a +0 leather armour (worn)
Wands
 o - a wand of acid (3)
 s - a wand of iceblast (11)
Scrolls
 d - 3 scrolls of teleportation {unknown}
 e - 2 scrolls of enchant weapon {unknown}
 f - 2 scrolls of immolation {unknown}
 g - 4 scrolls of identify {unknown}
 m - a scroll of holy word {unknown}
 n - a scroll of fog {unknown}
Potions
 b - 2 potions of curing {unknown}
 c - a potion of heal wounds {unknown}
 h - a potion of ambrosia {unknown}
 j - 2 potions of lignification {unknown}
 k - 2 potions of mutation {unknown}
 l - a potion of berserk rage {unknown}
 p - a potion of magic {unknown}


   Skills:
 + Level 1.3 Fighting
 + Level 0.4 Short Blades
 + Level 1.2 Armour
 + Level 3.2 Dodging
 + Level 2.3 Stealth
 + Level 6.0 Spellcasting


You had one spell level left.
You knew the following spells:

 Your Spells              Type           Power      Damage    Failure   Level
a - Freeze                Ice            100%       1d11      1%          1
b - Frozen Ramparts       Ice            56%        1d7       4%          3
c - Ozocubu's Armour      Ice            28%        N/A       4%          3
d - Hailstorm             Conj/Ice       28%        3d8       14%         4
e - Apportation           Tloc           56%        N/A       1%          1
f - Scorch                Fire           56%        2d7       1%          2
g - Gell's Gravitas       Tloc           28%        N/A       4%          3
Your spell library was empty.

Dungeon Overview and Level Annotations

Branches:
Dungeon (4/15)
 Temple: D:4-7

Altars:
Sif Muna


Innate Abilities, Weirdness & Mutations

You are immune to sickness and miasma.
You are immune to poison.
Your flesh is very heat resistant. (rF++)
You are vulnerable to cold. (rC-)
You float through the air rather than walking.
You learn spells naturally, not from books.
Your magical power is your life essence.
You have superior vitality. (+4 MHP)


Message History

Your Spellcasting skill increases to level 6!
Casting: Scorch (safe; 1% risk of failure)
Confirm with . or Enter, or press ? or * to list all spells.
Aiming: Gell's Gravitas (dangerous; 4% risk of failure)
Press: ? - help, Dir - move target, f - adder
Aim: an adder Gravity reorients around the adder.
* * * LOW HITPOINT WARNING * * *
An endoplasm comes into view.
The wall freezes the endoplasm.
Casting: Gell's Gravitas (dangerous; 4% risk of failure)
Confirm with . or Enter, or press ? or * to list all spells.
Flames lash the endoplasm.
You kill the endoplasm!
* * * LOW HITPOINT WARNING * * *
The frozen ramparts melt away.
You hear a shout!
Casting: Scorch (safe; 1% risk of failure)
Confirm with . or Enter, or press ? or * to list all spells.
Flames lash the adder.
The adder is moderately wounded.
The adder's fire resistance burns away.
* * * LOW HITPOINT WARNING * * *
The adder closely misses you.
Casting: Scorch (safe; 1% risk of failure)
Confirm with . or Enter, or press ? or * to list all spells.
Flames lash the adder.
The adder is burned terribly!
You kill the adder!
* * * LOW HITPOINT WARNING * * *
You start resting.
An orc comes into view.
It is wielding a +0 club and carrying a wand of iceblast (9).
Casting: Scorch (safe; 1% risk of failure)
Confirm with . or Enter, or press ? or * to list all spells.
Casting: Frozen Ramparts (dangerous; 4% risk of failure)
Press: ? - help, Dir - look around, f - activate The walls around you are covered in ice.
* * * LOW HITPOINT WARNING * * *
The wall freezes the orc.
The orc zaps a wand.
The mass of ice explodes!
The iceblast engulfs you!
You feel a painful chill!
You die...

#.# ...# ##..##
# ......
o##.....#
#.......#
#)†#....#
#@....#
#.#####†....#
#.....)....##
####......##
#.......##
#.........#####
#........##....#
.........##..###
.........##.##


You could see an orc.

Vanquished Creatures
  A black bear (D:4)
  2 scorpions
  A howler monkey (D:4)
  2 orc wizards (D:3)
  Ijyb (D:3)
  2 iguanas (D:4)
  3 gnolls (D:3)
  5 adders
  2 worms
  A dart slug (D:3)
  7 orcs
  9 ball pythons
  7 bats
  9 endoplasms
  2 giant cockroaches (D:2)
  9 hobgoblins
  11 jackals
  4 quokkas
  3 frilled lizards
  4 goblins
  5 kobolds
  6 rats
96 creatures vanquished.

Notes
Turn   | Place    | Note
-------+----------+-------------------------------------------
     0 | D:1      | 101zpm the Djinni Ice Elementalist began the quest for the
                  | Orb.
     0 | D:1      | Reached XP level 1. HP: 15/15 MP: 0/0
   435 | D:1      | Reached XP level 2. HP: 19/21 MP: 0/0
   914 | D:1      | Found a faded altar of an unknown god.
  1673 | D:2      | Reached XP level 3. HP: 16/25 MP: 0/0
  1673 | D:2      | Learned a level 1 spell: Apportation
  2255 | D:2      | Reached skill level 4 in Spellcasting
  2456 | D:2      | Reached XP level 4. HP: 18/31 MP: 0/0
  3901 | D:3      | Reached XP level 5. HP: 16/36 MP: 0/0
  3901 | D:3      | Learned a level 2 spell: Scorch
  4582 | D:3      | Noticed Ijyb
  4587 | D:3      | Killed Ijyb
  5098 | D:3      | Reached XP level 6. HP: 38/41 MP: 0/0
  5137 | D:3      | Reached skill level 5 in Spellcasting
  6026 | D:4      | Reached skill level 1 in Fighting
  6026 | D:4      | Reached XP level 7. HP: 37/47 MP: 0/0
  6026 | D:4      | Learned a level 3 spell: Gell's Gravitas
  6029 | D:4      | Reached skill level 1 in Armour
  6039 | D:4      | Reached skill level 6 in Spellcasting
  6051 | D:4      | Killed from afar by an orc

Illustrated notes

Levels and vault maps discovered:
D:1:      dpeg_arrival_arbitrary_a, layout_basic, ebering_ecumenical_altar_hall,
          solitary_fountain, hangedman_glass_teeth
D:2:      layout_basic, minmay_misc_feat_room, kennysheep_small_spiral,
          minmay_increasing_density
D:3:      minmay_diamond_boxcup, layout_basic, amcnicky_altar_gilded,
          minmay_diced_spiral, uniq_ijyb
D:4:      layout_layer_cave, minmay_temple_entry_mini_moons, minmay_vboxes,
          uniq_robin

Skill      XL: |  1  2  3  4  5  6  7 |
---------------+----------------------+-----
Spellcasting   | 4 5 6 |  6.0
Stealth        | 2 |  2.3
Dodging        | 3 |  3.2
Fighting       | 1 |  1.3
Armour         | 1 |  1.2
Short Blades   | |  0.4

Action                   |  1- 3 |  4- 6 |  7- 9 || total
-------------------------+-------+-------+-------++-------
Melee: Dagger            |    24 |    12 |     2 ||    38
 Cast: Freeze            |    41 |    30 |       ||    71
       Frozen Ramparts   |     1 |    11 |     2 ||    14
       Hailstorm         |       |     1 |       ||     1
       Scorch            |       |    31 |     7 ||    38
       Ozocubu's Armour  |       |     8 |     2 ||    10
       Gell's Gravitas   |       |       |     2 ||     2
 Stab: Sleeping          |       |     1 |       ||     1
Armor: Robe              |    18 |     3 |       ||    21
       Leather armour    |       |     9 |     6 ||    15
Dodge: Dodged            |    41 |    28 |     7 ||    76
